 Dungeon Crawl Stone Soup version 0.31.0-32-g396128a36d (webtiles) character file.

Game seed: 5993513492160955004

31 tizbic2 the Firebug (level 3, -1/39 HPs)
             Began as a Hill Orc Fire Elementalist on Mar 19, 2024.
             Succumbed to a kobold's poison
             ... on level 2 of the Dungeon.
             The game lasted 00:04:53 (910 turns).

tizbic2 the Firebug (Hill Orc Fire Elementalist)     Turns: 910, Time: 00:04:54

Health: -1/39      AC:  6    Str: 12    XL:     3   Next: 22%
Magic:  5/6        EV: 10    Int: 15    God:
Gold:   53         SH:  0    Dex: 11    Spells: 5/6 levels left

rFire   . . .        h - +0 dagger (holy)
rCold   . . .        p - orb {*Rage}
rNeg    . . .        j - +0 ring mail
rPois   .            (no helmet)
rElec   .            (no cloak)
rCorr   .            g - +0 pair of gloves
SInv    .            (no boots)
Will    .....        (no amulet) Stlth
                     (no ring)
HPRegen 0.26/turn    (no ring)
MPRegen 0.10/turn

%: random rage (20%)
@: berserking, lethally poisoned (-1 -> -13), very quick
A: no striking features
a: no special abilities


You were on level 2 of the Dungeon.
You visited 1 branch of the dungeon, and saw 2 of its levels.

You collected 53 gold pieces.

Inventory:

Hand Weapons
 c - a +0 club
 h - a +0 dagger of holy wrath (weapon)
Missiles
 m - 3 boomerangs (quivered)
 o - 5 poisoned darts
Armour
 a - a +0 robe
 g - a +0 pair of gloves (worn)
 j - a +0 ring mail (worn)
 p - an orb of wrath (worn)
Scrolls
 e - a scroll of enchant armour {unknown}
 i - a scroll of brand weapon {unknown}
 n - a scroll of fog {unknown}
Potions
 b - a potion of magic
 d - 2 potions of berserk rage
 f - 2 potions of curing {unknown}
 k - a potion of ambrosia {unknown}
 l - 2 potions of might {unknown}


   Skills:
 + Level 0.0 Fighting
 * Level 2.0 Dodging
 - Level 1.7 Stealth
 * Level 2.0 Spellcasting
 + Level 1.4 Conjurations
 + Level 3.5 Fire Magic


You had 5 spell levels left.
You knew the following spells:

 Your Spells              Type           Power      Damage    Failure   Level
a - Foxfire               Conj/Fire      36%        2x1d5     19%         1

Your spell library contained the following spells:

 Spells                   Type           Power      Damage    Failure   Level
 Scorch                   Fire           24%        2d6       19%         2
 Inner Flame              Hex/Fire       6%         N/A       58%         3
 Volatile Blastmotes      Fire/Tloc      12%        2d11      58%         3
 Flame Wave               Conj/Fire      9%         2d6       87%         4
 Cause Fear               Hex            0%         N/A       99%         4
 Fireball                 Conj/Fire      4%         3d4       99%         5
 Dragon's Call            Summ           0%         N/A       100%        9


Dungeon Overview and Level Annotations

Branches:
Dungeon (2/15)

Altars:


Message History

You drop an orb of mayhem.
Found an orange potion.
l - 2 orange potions (gained 1)
A kobold comes into view. It is wielding a +2 dagger of venom.
The kobold shouts!
The kobold hits you with a +2 dagger of venom.
You are poisoned.
You barely miss the kobold.
You feel very sick.
The kobold hits you with a +2 dagger of venom.
You are more poisoned.
You feel very sick. The kobold attacks as it pursues you!
The kobold hits you but does no damage.
You are lethally poisoned!
Casting: Foxfire (safe; 19% risk of failure)
Confirm with . or Enter, or press ? or * to list all spells.
You conjure some foxfire!
You feel very sick. The kobold barely misses you.
You hit the kobold.
The kobold is moderately wounded.
You feel very sick.
The foxfire hits the kobold.
The kobold is severely wounded.
The kobold hits you with a +2 dagger of venom.
You are more poisoned.
* * * LOW HITPOINT WARNING * * *
You feel very sick.
The foxfire hits the kobold.
You kill the kobold!
It was a potion of berserk rage.
A red film seems to cover your vision as you go berserk!
You feel yourself moving faster!
You feel mighty!
* * * LOW HITPOINT WARNING * * *
You feel very sick.
You are too berserk!
You feel a strong urge to attack something.
* * * LOW HITPOINT WARNING * * *
You feel sick.
You die...

...........###.## ##...
..........#.....# #.#.
....†.....#####.# #. #.#.
..............#.#
#.######.#.
...###.#..###.#.#
#.#......#. ..##
#.....##.#.# #.#.####.## ..#
#.#...##.#.# #.#.##..... .$
#.#..$##.#.###.###....#.....
.........).@................
###.####.#######..........
#.#######.#.#......
#......<....#.####.
#########[..#.# #. ###.#.#
#) #.#.# #. #.#.# #. #.#.#
#.


There were no monsters in sight!

Vanquished Creatures
  A ribbon worm (D:2)
  An endoplasm (D:1)
  2 giant cockroaches (D:1)
  2 goblins
  4 hobgoblins (D:1)
  A quokka (D:1)
  2 ball pythons (D:1)
  5 bats (D:1)
  3 frilled lizards
  3 kobolds
  2 rats
26 creatures vanquished.

Vanquished Creatures (collateral kills)
  A foxfire (D:1)
1 creature vanquished.

Vanquished Creatures (others)
  27 foxfires
27 creatures vanquished.

Grand Total: 54 creatures vanquished

Notes
Turn   | Place    | Note
-------+----------+-------------------------------------------
     0 | D:1      | tizbic2 the Hill Orc Fire Elementalist began the quest for
                  | the Orb.
     0 | D:1      | Reached XP level 1. HP: 14/14 MP: 3/3
   132 | D:1      | Reached XP level 2. HP: 20/20 MP: 4/4
   501 | D:1      | Reached XP level 3. HP: 22/26 MP: 4/6
   909 | D:2      | HP: 1/39 [poisoned by a kobold]
   910 | D:2      | Succumbed to a kobold's poison

Illustrated notes

Levels and vault maps discovered:
D:1:      psy_arrival_fountain, layout_rooms, nrook_campfire,
          grunt_decor_mini_mirrors
D:2:      layout_loops_ring, serial_shops, nicolae_square_shop, dk_vineyard_2,
          fountainhead

Skill      XL: |  1  2 |
---------------+-------+-----
Dodging        | 2 |  2.0
Spellcasting   | 2 |  2.0
Stealth        | |  1.7
Conjurations   | |  1.4
Fire Magic     | |  3.5

Action                     || total
---------------------------++-------
  Melee: Unarmed           ||    27
         Club              ||    11
         Dagger            ||    67
         Punch             ||     1
   Cast: Foxfire           ||    15
    Use: Potion            ||     1
   Stab: Sleeping          ||     2
 Armour: Robe              ||    27
         Ring mail         ||    38
  Dodge: Dodged            ||    83
